 Dungeon Crawl Stone Soup version 0.25-a0-942-g87a53962fc (webtiles) character file.

Game seed: 7177973527095274331, levelgen mode: deterministic

4363 Lanoc the Basher (level 10, -1/100 HPs)
             Began as a Troll Berserker on May 7, 2020.
             Was a High Priest of Trog.
             Slain by a yak (8 damage)
             ... on level 9 of the Dungeon.
             The game lasted 00:15:19 (6728 turns).

Lanoc the Basher (Troll Berserker)                  Turns: 6728, Time: 00:15:19

Health: -1/100     AC: 10    Str: 27    XL:     10   Next: 12%
Magic:  9/9        EV: 13    Int:  3    God:    Trog [*****.]
Gold:   495        SH:  0    Dex: 14    Spells: 9/9 levels left

rFire    . . .     SeeInvis +   a - +0 mace
rCold    + . .     Gourm    +   (no shield)
rNeg     . . .     Faith    .   p - +0 troll leather armour {Purgy}
rPois    +         Spirit   .   (helmet restricted)
rElec    .         Reflect  .   (no cloak)
rCorr    .         Harm     .   (gloves unavailable)
MR       .....                  (boots unavailable)
Stlth    +.........             (no amulet)
HPRegen  1.06/turn              h - ring of Lucidity {rPois rC+ Dex+2 SInv}
MPRegen  0.11/turn              b - +2 ring of protection

@: berserk cooldown, slowed, very slow
A: large, unfitting armour, claws 3, fast metabolism 3, gourmand, regeneration
1, shaggy fur 1, tough skin 3
a: Berserk, Trog's Hand, Brothers in Arms, Renounce Religion


You were on level 9 of the Dungeon.
You worshipped Trog.
Trog was extremely pleased with you.
You were not hungry.

You visited 2 branches of the dungeon, and saw 10 of its levels.
You also visited: Sewer.

You collected 495 gold pieces.

Inventory:

Hand Weapons
 a - a +0 mace (weapon)
 i - a +0 giant spiked club
Missiles
 B - a throwing net (quivered)
Armour
 p - a +0 troll leather armour (worn) {Purgy}
Jewellery
 b - a +2 ring of protection (right claw)
 h - the ring of Lucidity (left claw) {rPois rC+ Dex+2 SInv}
   (You found it on level 4 of the Dungeon)

   [ring of dexterity]

   It affects your dexterity (+2).
   It protects you from cold.
   It protects you from poison.
   It lets you see invisible.
 y - an uncursed ring of positive energy {unknown}
Wands
 k - a wand of digging (4)
 u - a wand of paralysis (8)
 A - a wand of acid (10)
Scrolls
 g - 4 scrolls of identify {unknown}
 l - 4 scrolls of remove curse
 q - 3 scrolls of teleportation
 s - a scroll of enchant weapon {unknown}
 t - a scroll of blinking
 v - a scroll of immolation {unknown}
 x - a scroll of fog {unknown}
 z - 3 scrolls of brand weapon {unknown}
Potions
 d - 3 potions of curing {unknown}
 e - 2 potions of stabbing {unknown}
 f - a potion of magic {unknown}
 j - a potion of resistance
 m - a potion of mutation {unknown}
 n - 3 potions of flight {unknown}
 o - 4 potions of heal wounds {unknown}
 r - a potion of brilliance {unknown}
Comestibles
 c - 17 rations


   Skills:
 + Level 6.7 Fighting
 * Level 10.0 Maces & Flails
 + Level 6.6 Dodging


You had 9 spell levels left.
You didn't know any spells.
Your spell library was empty.

Dungeon Overview and Level Annotations

Branches:
Dungeon (9/15)             Temple (1/1) D:4            Lair (0/6) D:8
  Sewer (visited)
    Orc: D:9-12

Altars:
Ashenzari
Cheibriados
Elyvilon
Fedhas
Gozag
Kikubaaqudgha
Nemelex Xobeh
Okawaru
Qazlal
Sif Muna
Xom
Zin


Innate Abilities, Weirdness & Mutations

You are too large for most types of armour.
You have claws for hands.
Your metabolism is lightning-fast.
You like to eat raw meat.
Your natural rate of healing is unusually fast.
You are covered in fur. (AC +1)
You have extremely tough skin. (AC +3)


Message History

The yak is heavily wounded.
The yak gores you! x2
* * * LOW HITPOINT WARNING * * *
You hit the yak.
The yak is heavily wounded.
The yak gores you!
* * * LOW HITPOINT WARNING * * *
You hit the yak.
The yak is severely wounded.
The yak gores you but does no damage.
You thump the yak!
The yak is almost dead.
The yak gores you!
* * * LOW HITPOINT WARNING * * *
You hit the yak but do no damage.
The yak is almost dead.
The yak gores you!
* * * LOW HITPOINT WARNING * * *
The yak gores you!
You die...

#................#
#................#
#........#####...#
#................#
#................#
#................#
#................#
#......<.........#
#......†......†@.#
#.............†Y.#
#................#
######....########
...............#
...............#
.......Y.......#
#####..Y##.....#
...............#


You could see a yak.

Vanquished Creatures
  Sigmund (D:5)
  4 yaks (D:9)
  A water moccasin (D:9)
  Purgy (Sewer)
  An orc warrior (D:6)
  2 ice beasts
  A necrophage (D:7)
  A phantom (D:6)
  10 ogres
  Blork the orc (D:5)
  A big kobold (D:7)
  5 bullfrogs
  A wyvern skeleton (D:8)
  2 scorpions
  3 killer bees
  2 howler monkeys
  3 electric eels (D:7)
  A crimson imp (D:6)
  A centaur zombie (D:6)
  2 hounds
  5 jellies
  6 orc priests
  8 orc wizards
  A bullfrog skeleton (D:5)
  4 iguanas
  5 worker ants
  A hound zombie (D:5)
  A hound skeleton (D:8)
  A howler monkey skeleton (D:8)
  12 adders
  A shadow imp (D:5)
  An ooze (D:1)
  An adder skeleton (D:4)
  An adder zombie (D:6)
  3 worms
  5 leopard geckos
  24 orcs
  5 giant cockroaches
  7 goblins
  5 hobgoblins
  9 jackals
  12 kobolds
  5 quokkas
  2 ball pythons (D:5)
  7 bats
  5 frilled lizards
  A leopard gecko zombie (D:8)
  13 rats
195 creatures vanquished.

Vanquished Creatures (others)
  4 plants
4 creatures vanquished.

Grand Total: 199 creatures vanquished

Notes
Turn   | Place    | Note
-------+----------+-------------------------------------------
     0 | D:1      | Lanoc the Troll Berserker began the quest for the Orb.
     0 | D:1      | Reached XP level 1. HP: 22/22 MP: 0/0
   120 | D:1      | Reached skill level 3 in Maces & Flails
   120 | D:1      | Reached XP level 2. HP: 21/29 MP: 1/1
   381 | D:2      | Reached XP level 3. HP: 36/36 MP: 2/2
   431 | D:1      | Reached ** piety under Trog
   721 | D:3      | Reached XP level 4. HP: 44/44 MP: 3/3
   726 | D:3      | Reached skill level 4 in Maces & Flails
   775 | D:3      | Reached XP level 5. HP: 37/53 MP: 4/4
   959 | D:3      | Found a blossoming altar of Fedhas.
  1490 | D:3      | Found an ancient bone altar of Kikubaaqudgha.
  1491 | D:3      | Noticed an ogre
  1791 | D:2      | Found a faded altar of an unknown god.
  1796 | D:2      | Reached *** piety under Trog
  1977 | D:3      | Found a shattered altar of Ashenzari.
  2174 | D:3      | Killed an ogre
  2174 | D:3      | Reached skill level 5 in Maces & Flails
  2174 | D:3      | Reached XP level 6. HP: 61/61 MP: 5/5
  2468 | D:4      | Got a warped lapis lazuli ring
  2469 | D:4      | Identified the ring of Lucidity {rPois rC+ Dex+2 SInv} (You
                  | found it on level 4 of the Dungeon)
  2620 | D:4      | Found a shimmering altar of Xom.
  2712 | D:4      | Found a staircase to the Ecumenical Temple.
  2723 | Temple   | Entered the Ecumenical Temple
  2812 | D:4      | Reached XP level 7. HP: 68/68 MP: 6/6
  2844 | D:4      | Found an iron altar of Okawaru.
  2851 | D:4      | Found an iron altar of Okawaru.
  2851 | D:4      | Found an opulent altar of Gozag.
  2853 | D:4      | Found a white marble altar of Elyvilon.
  2853 | D:4      | Found a shimmering blue altar of Sif Muna.
  2853 | D:4      | Found a shimmering altar of Xom.
  3159 | D:5      | Entered Level 5 of the Dungeon
  3159 | D:5      | Found a glowing drain.
  3196 | Sewer    | Entered a sewer
  3208 | Sewer    | Reached **** piety under Trog
  3254 | Sewer    | Noticed Purgy
  3271 | Sewer    | Killed Purgy
  3457 | D:5      | Reached skill level 6 in Maces & Flails
  3763 | D:5      | Noticed Blork the orc
  3778 | D:5      | Killed Blork the orc
  3788 | D:5      | Found a sparkling altar of Nemelex Xobeh.
  3791 | D:5      | Found a snail-covered altar of Cheibriados.
  3791 | D:5      | Found a white marble altar of Elyvilon.
  3792 | D:5      | Noticed Sigmund
  3804 | D:5      | Reached XP level 8. HP: 79/79 MP: 7/7
  3810 | D:5      | Killed Sigmund
  3867 | D:5      | Reached skill level 7 in Maces & Flails
  4213 | D:6      | Reached skill level 5 in Fighting
  4217 | D:6      | Reached skill level 5 in Dodging
  4357 | D:6      | Found an iron altar of Okawaru.
  4406 | D:6      | Reached ***** piety under Trog
  4449 | D:6      | Found a stormy altar of Qazlal.
  4455 | D:6      | Reached skill level 8 in Maces & Flails
  4503 | D:6      | Reached XP level 9. HP: 88/88 MP: 8/8
  5057 | D:7      | Received a gift from Trog
  5379 | D:7      | Reached skill level 9 in Maces & Flails
  5636 | D:7      | Found a glowing silver altar of Zin.
  6227 | D:8      | Found a staircase to the Lair.
  6703 | D:9      | Reached XP level 10. HP: 100/100 MP: 9/9
  6720 | D:9      | Reached skill level 10 in Maces & Flails
  6728 | D:9      | Slain by a yak

Levels and vault maps discovered:
D:1:      saegor_arrival_simple_c, layout_basic
D:2:      layout_rooms, chequers_ecumenical_altar_lobes
D:3:      layout_basic, kiku_gazebo_garden_becter,
          ashenzari_conservatory_becter, first_ration, serial_corexii_hall,
          corexii_hall_statues_x, corexii_hall_statues_i,
          corexii_hall_statues_u, chequers_hall_statues_wall_a,
          fedhas_ov_isle_minmay
D:4:      layout_basic, overflow_temple_1_default,
          minmay_temple_entry_sparse_star, doesnt_xom_only_xom
D:5:      layout_basic, chequers_temple_overflow_statue_of_worship,
          portal_sewer_entry_a, uniq_sigmund, uniq_blork_the_orc
D:6:      layout_rooms, nicolae_qazlal_general_emergency,
          okawaru_ov_weapons_minmay, serial_bayou_crossing
D:7:      layout_gridville, marbit_many_paths, serial_bayou,
          serial_bayou_pond_a, serial_bayou_ford_a, serial_bayou_pond_e,
          serial_bayou_lagoon_b
D:8:      layout_basic, lair_entry_dummy, grunt_ogre_cave, minmay_misc_feat_chi
D:9:      layout_grid_maze, nicolae_overflow_crystal_walls,
          lightli_temple_of_fire, nicolae_tso_besieged_by_evil,
          overflow_temple_1_default
Temple:   nicolae_temple_figure_zero

Skill      XL: |  1  2  3  4  5  6  7  8  9 10 |
---------------+-------------------------------+-----
Maces & Flails | 3 4 5 6 8 9 10 | 10.0
Fighting       | 3 4 5 6 |  6.7
Dodging        | 3 4 5 6 |  6.6

Action                   |  1- 3 |  4- 6 |  7- 9 | 10-12 || total
-------------------------+-------+-------+-------+-------++-------
Melee: Mace              |   107 |   140 |   489 |    25 ||   761
       Whip              |       |   114 |       |       ||   114
Invok: Berserk           |     3 |     5 |    19 |       ||    27
  Use: Scroll            |       |     3 |       |       ||     3
 Stab: Distracted        |       |     1 |       |       ||     1
       Sleeping          |       |     1 |       |       ||     1
  Eat: Chunk             |    14 |    25 |    51 |       ||    90
Armor: Animal skin       |    60 |   104 |    25 |       ||   189
       Troll leather arm |       |       |   164 |     7 ||   171
Dodge: Dodged            |    70 |   153 |   339 |    12 ||   574

Table legend:
 A = Non-vault XP
 B = Vault XP
 C = Vault XP percentage of total XP
 D = Non-vault monster count
 E = Vault monster count
 F = Vault count percentage of total count
                 A         B        C        D         E       F
            +---------+---------+-------+---------+---------+-------
      Total |    5646 |     588 |   9.4 |     182 |      13 |   6.7
            +---------+---------+-------+---------+---------+-------
        D:1 |      34 |       0 |   0.0 |      17 |       0 |   0.0
        D:2 |     102 |       0 |   0.0 |      28 |       0 |   0.0
        D:3 |     362 |       0 |   0.0 |      26 |       0 |   0.0
        D:4 |     318 |       0 |   0.0 |      18 |       0 |   0.0
        D:5 |     506 |     326 |  39.2 |      16 |       6 |  27.3
        D:6 |    1616 |       0 |   0.0 |      30 |       0 |   0.0
        D:7 |     905 |       0 |   0.0 |      24 |       0 |   0.0
        D:8 |     623 |     121 |  16.3 |      15 |       1 |   6.2
        D:9 |    1180 |       0 |   0.0 |       8 |       0 |   0.0
      Sewer |       0 |     141 | 100.0 |       0 |       6 | 100.0
            +---------+---------+-------+---------+---------+-------
